 Dungeon Crawl Stone Soup version 0.30-a0-4-ga7cffc901d (webtiles) character file.

Game seed: 9161415167740777839

25 bjtr the Vexing (level 2, -2/14 HPs)
             Began as a Spriggan Arcane Marksman on Aug 21, 2022.
             Frozen to death by an endoplasm (4 damage)
             ... on level 1 of the Dungeon.
             The game lasted 00:06:18 (1344 turns).

bjtr the Vexing (Spriggan Arcane Marksman)          Turns: 1344, Time: 00:06:18

Health: -2/14      AC:  2    Str:  6    XL:     2   Next: 82%
Magic:  5/5        EV: 17    Int: 14    God:
Gold:   41         SH:  0    Dex: 15    Spells: 3/4 levels left

rFire   . . .      SeeInvis +    a - +1 sling (freeze)
rCold   . . .      Faith    .    (no shield)
rNeg    . . .      Spirit   .    c - +0 robe
rPois   .          Reflect  .    (helmet restricted)
rElec   .          Harm     .    (no cloak)
rCorr   .          Rampage  .    (gloves unavailable)
Will    .....                    (boots unavailable)
Stlth   +.........               f - amulet of magic regeneration
HPRegen 0.04/turn                (no ring)
MPRegen 0.49/turn                (no ring)

@: brilliant, very quick
A: very small, no large weapons, unfitting armour, see invisible, speed 3
a: no special abilities


You were on level 1 of the Dungeon.
You visited 1 branch of the dungeon, and saw 2 of its levels.

You collected 41 gold pieces.

Inventory:

Hand Weapons
 a - a +1 sling of freezing (weapon)
 b - a +2 short sword of speed
 h - a +0 whip of electrocution
Missiles
 e - 15 stones
Armour
 c - a +0 robe (worn)
Magical Staves
 i - a staff of conjuration
Jewellery
 f - an amulet of magic regeneration (around neck)
Scrolls
 j - a scroll of brand weapon
 l - a scroll of poison
Potions
 g - a potion of heal wounds {unknown}


   Skills:
 + Level 0.7 Fighting
 * Level 2.6 Ranged Weapons
 + Level 2.7 Dodging
 * Level 1.6 Spellcasting
 * Level 4.3 Hexes


You had 3 spell levels left.
You knew the following spells:

 Your Spells              Type           Power      Damage    Failure   Level
a - Slow                  Hex            80%        N/A       4%          1

Your spell library contained the following spells:

 Spells                   Type           Power      Damage    Failure   Level
 Inner Flame              Hex/Fire       10%        N/A       30%         3
 Portal Projectile        Hex/Tloc       20%        N/A       30%         3
 Gell's Gravitas          Tloc           1%         N/A       58%         3
 Lesser Beckoning         Tloc           1%         N/A       58%         3
 Teleport Other           Tloc           1%         N/A       58%         3
 Cause Fear               Hex            10%        N/A       38%         4


Dungeon Overview and Level Annotations

Branches:
Dungeon (2/15)

Altars:

Annotations:
D:1 Natasha


Innate Abilities, Weirdness & Mutations

You are very small and have problems with some larger weapons.
You are too small for most types of armour.
You have supernaturally acute eyesight. (SInv)
You cover ground extremely quickly. (Speed+++)


Message History

HP restored.
You climb downwards.
Level annotation: Natasha The endoplasm barely misses you.
Natasha barely misses you. The endoplasm freezes you.
You are frozen.
There is a stone staircase leading up here.
The endoplasm barely misses you. Natasha claws you.
You climb upwards.
There is a stone staircase leading down here.
Natasha claws you. The endoplasm closely misses you.
You climb downwards.
There is a stone staircase leading up here.
Things that are here:
a +0 club; a goblin skeleton Natasha mumbles some strange words.
Natasha glows brightly for a moment.
There is a stone staircase leading up here.
You climb upwards.
There is a stone staircase leading down here.
You start resting.
HP restored.
You climb downwards.
Level annotation: Natasha The endoplasm hits you.
Natasha claws you!
Ouch! That really hurt!
* * * LOW HITPOINT WARNING * * *
There is a stone staircase leading up, spattered with blood here.
The endoplasm freezes you.
You are frozen.
* * * LOW HITPOINT WARNING * * *
Natasha closely misses you.
You climb upwards.
There is a stone staircase leading down here.
Okay, then.
It was a potion of brilliance.
You feel clever all of a sudden. The endoplasm freezes you.
You are frozen.
You die...

#.#...###.# #.# #.# #.#
####.##.## #.# #.####.# #.#
...>.##.# #.# #.#.##.###.#
#######.# #.# #....#.....# #.#
#.# ####.....#..###
#.####.###...........#
#....................#
###.##.###J#.........#
######.##.# #@##...).#..######
####.........###h###...##........
..........####.....##.####.######
####.####.####.###.##.####.####
.....# #......# #.)รท.........#
###### ######.###.#..#######.# #
#.............##.# #
###..##..####.##.# # #..##..#
#.##.# #


You could see Natasha and an endoplasm.

Vanquished Creatures
  A gnoll (D:1)
  3 ball pythons (D:1)
  A bat (D:1)
  An endoplasm (D:1)
  2 giant cockroaches (D:1)
  A hobgoblin (D:1)
  A quokka (D:1)
  2 goblins
  2 kobolds (D:1)
14 creatures vanquished.

Notes
Turn   | Place    | Note
-------+----------+-------------------------------------------
     0 | D:1      | bjtr the Spriggan Arcane Marksman began the quest for the
                  | Orb.
     0 | D:1      | Reached XP level 1. HP: 9/9 MP: 3/3
   115 | D:1      | Reached skill level 4 in Hexes
   328 | D:1      | Reached XP level 2. HP: 14/14 MP: 5/5
   834 | D:2      | Noticed Natasha
  1344 | D:1      | Frozen to death by an endoplasm

Illustrated notes

Levels and vault maps discovered:
D:1:      dpeg_arrival_simpleton_c, layout_loops_ring
D:2:      layout_rooms, hellmonk_ecumenical_altar_prayer_group, st_stairs_13,
          minmay_tall_x, uniq_natasha

Skill      XL: |  1 |
---------------+----+-----
Hexes          | 4 |  4.3
Fighting       | |  0.7
Ranged Weapons | |  2.6
Dodging        | |  2.7
Spellcasting   | |  1.6

Action                   || total
-------------------------++-------
 Fire: Sling             ||    38
 Cast: Slow              ||    16
  Use: Scroll            ||     3
       Potion            ||     1
Armor: Robe              ||     1
Dodge: Dodged            ||    12

Table legend: (Time is in decaauts)
 A = Elapsed time spent in this place.
 B = Non-inter-level travel time spent in this place.
 C = Inter-level travel time spent in this place.
 D = Time resting spent in this place.
 E = Time spent auto-exploring this place.
 F = Levels seen in this place.
 G = Mean time per level.
                   A        B        C        D        E       F      G
               +--------+--------+--------+--------+--------+-----+--------+
         Total |   1153 |   1139 |     14 |    683 |    275 |   2 |  576.5 |
       Dungeon |   1153 |   1139 |     14 |    683 |    275 |   2 |  576.5 |
               +--------+--------+--------+--------+--------+-----+--------+

Top non-repeatable levels by time:
     D:1: 1095 daAuts
     D:2: 58 daAuts
